 Seeded DCSS version 0.28-a0-1594-ga885d4b3d6 (webtiles) character file.

Game seed: 15002640547599848962 (custom seed)

939 voltaire321 the Ducker (level 8, 0/52 (62) HPs)
             Began as a Merfolk Gladiator on Jan 20, 2022.
             Slain by a wight (7 damage)
             ... on level 5 of the Dungeon on Jan 21, 2022.
             The game lasted 00:15:40 (5750 turns).

voltaire321 the Ducker (Merfolk Gladiator)          Turns: 5750, Time: 00:15:40

HP:   0/52 (62)     AC:  7    Str: 14    XL:     8   Next: 12%
MP:   0/8           EV: 15    Int:  7    God:
Gold: 269           SH:  0    Dex: 18    Spells: 7/7 levels left

rFire   . . .      SeeInvis .   a - +1 long sword
rCold   . . .      Faith    .   (no shield)
rNeg    . . .      Spirit   +   i - +1 leather armour {rPois}
rPois   +          Reflect  .   c - +0 helmet
rElec   .          Harm     .   (no cloak)
rCorr   .          Rampage  .   (no gloves)
Will    .....                   h - +1 pair of boots
Stlth   +.........              t - amulet of guardian spirit
HPRegen 0.17/turn               (no ring)
MPRegen 0.11/turn               (no ring)

@: studying Armour, heavily drained
A: (nimble swimmer 2), mertail
a: no special abilities


You were on level 5 of the Dungeon.
You visited 1 branch of the dungeon, and saw 5 of its levels.

You collected 269 gold pieces.

Inventory:

Hand Weapons
 a - a +1 long sword (weapon)
Missiles
 d - 3 throwing nets (quivered)
 w - a poisoned dart
Armour
 c - a +0 helmet (worn)
 h - a +1 pair of boots (worn)
 i - a +1 leather armour of poison resistance (worn)
Jewellery
 q - a ring of poison resistance
 t - an amulet of guardian spirit (around neck)
Wands
 s - a wand of digging (8)
Scrolls
 b - 3 scrolls of identify
 f - a scroll of brand weapon {unknown}
 l - a scroll of fear
 m - 2 scrolls of immolation
 n - 2 scrolls of enchant weapon
Potions
 e - a potion of flight
 g - a potion of berserk rage {unknown}
 k - a potion of ambrosia {unknown}
 o - 2 potions of curing {unknown}
 r - 2 potions of haste {unknown}
 v - a potion of brilliance
 z - a potion of lignification


   Skills:
 + Level 5.2 Fighting
 + Level 5.9 Long Blades
 + Level 4.8 Throwing
 + Level 1.0 Armour
 + Level 7.1 Dodging


You had 7 spell levels left.
You didn't know any spells.
Your spell library contained the following spells:

 Spells                   Type           Power      Damage    Failure   Level
 Conjure Flame            Conj/Fire      0%         6-21      86%         3
 Frozen Ramparts          Ice            0%         1d2       86%         3
 Ignite Poison            Fire/Tmut/Pois 0%         N/A       86%         3
 Summon Guardian Golem    Hex/Summ       0%         N/A       86%         3
 Ice Form                 Ice/Tmut       0%         N/A       99%         4
 Sticky Flame             Conj/Fire      0%         2d3       99%         4
 Summon Ice Beast         Ice/Summ       0%         N/A       99%         4
 Orb of Destruction       Conj           0%         9d5       100%        7
 Spellforged Servitor     Conj/Summ      0%         N/A       100%        7


Dungeon Overview and Level Annotations

Branches:
Dungeon (5/15)
 Temple: D:4-7

Altars:
Fedhas
Uskayaw
Wu Jian

Shops:
D:4 (


Innate Abilities, Weirdness & Mutations

((You are very nimble when in or above water. (Stealth+, EV+, Speed+++)))
Your lower body shifts to a powerful aquatic tail in water.


Message History

You slash the water moccasin zombie!
The water moccasin zombie is almost destroyed.
The water moccasin zombie bites you.
You hit the water moccasin zombie.
The water moccasin zombie is almost destroyed.
The water moccasin zombie bites you.
You hit the water moccasin zombie.
You destroy the water moccasin zombie!
Your Armour skill increases to level 1!
There is a blossoming altar of Fedhas here.
You now have 269 gold pieces (gained 12).
There is a blossoming altar of Fedhas here. 2 wights come into view.
Found a potion of lignification.
There is a stone staircase leading up here.
The wight misses you. The wight barely misses you.
The wight hits you with a +1 halberd!
You feel drained.
There is a stone staircase leading up here.
You hit the wight but do no damage. The wight barely misses you.
The wight closely misses you.
You hit the wight but do no damage. Your punch misses the wight.
The wight hits you with a +0 halberd. The wight hits you but does no damage.
You closely miss the wight. The wight hits you with a +0 halberd.
The wight hits you with a +1 halberd!
You feel drained.
You hit the wight but do no damage. The wight closely misses you.
The wight misses you.
You hit the wight.
The wight is moderately damaged.
The wight barely misses you. The wight hits you with a +1 halberd!
You feel drained.
You completely miss the wight.
The wight is moderately damaged.
The wight hits you with a +0 halberd!
You feel drained. The wight hits you with a +1 halberd!
* * * LOW HITPOINT WARNING * * *
You feel drained.
* * * LOW HITPOINT WARNING * * *
The wight hits you with a +0 halberd!
You die...

.....##,...##..........##.#,*,_,*
......#,,...........z.....#,*,,,*
.._...#,*#..........#.....+,,,,,,
......#***#......##.###z..####+##
.....######.........#.......#....
#...##..##.......##.........#....
##.##.............#.#.........###
...............zz####..##.##.###.
##..............@#####....#..#...
*#.......†................#.....#
##.........................#..##
###........#..............#.##*
#...##...#............##### *
##.###................## # ###
##................# #
###.......#.....## #
#.......#...###


You could see 2 wights.

Vanquished Creatures
  An ogre (D:4)
  2 phantoms
  Blork the orc (D:4)
  2 scorpions
  A water moccasin zombie (D:5)
  A howler monkey (D:4)
  A centaur zombie (D:5)
  2 hounds (D:4)
  A centaur skeleton (D:4)
  A bullfrog skeleton (D:4)
  An iguana (D:4)
  2 orc wizards
  4 gnolls (D:4)
  6 adders
  5 worms
  12 orcs
  6 endoplasms
  3 giant cockroaches
  10 goblins
  8 hobgoblins
  3 quokkas
  9 ball pythons
  6 bats
  4 frilled lizards
  6 kobolds
  5 rats
103 creatures vanquished.

Notes
Turn   | Place    | Note
-------+----------+-------------------------------------------
     0 | D:1      | voltaire321 the Merfolk Gladiator began the quest for the
                  | Orb.
     0 | D:1      | Reached XP level 1. HP: 16/16 MP: 1/1
   407 | D:1      | Reached XP level 2. HP: 23/23 MP: 2/2
  1279 | D:1      | Reached XP level 3. HP: 15/28 MP: 3/3
  1568 | D:2      | Found a faded altar of an unknown god.
  1646 | D:2      | Noticed a scorpion
  2043 | D:2      | Reached XP level 4. HP: 21/35 MP: 4/4
  2212 | D:2      | Killed a scorpion
  2213 | D:2      | Reached skill level 5 in Dodging
  2213 | D:2      | Reached XP level 5. HP: 28/41 MP: 5/5
  2896 | D:3      | Noticed a phantom
  3179 | D:3      | Killed a phantom
  3180 | D:3      | Reached XP level 6. HP: 19/48 MP: 6/6
  3859 | D:4      | Found an ornate altar of the Wu Jian Council.
  3969 | D:4      | Found a hide-covered altar of Uskayaw.
  4224 | D:4      | Reached skill level 5 in Long Blades
  4224 | D:4      | Reached skill level 6 in Dodging
  4256 | D:4      | Reached XP level 7. HP: 31/55 MP: 5/7
  4556 | D:4      | Noticed Blork the orc
  4577 | D:4      | Killed Blork the orc
  4793 | D:4      | Found Deygg's Firing Range.
  5210 | D:4      | Reached skill level 5 in Fighting
  5459 | D:5      | Entered Level 5 of the Dungeon
  5468 | D:5      | Identified a scroll of acquirement
  5468 | D:5      | Acquired a manual of Armour
  5518 | D:5      | Reached XP level 8. HP: 57/62 MP: 8/8
  5603 | D:5      | Reached skill level 7 in Dodging
  5627 | D:5      | Found a blossoming altar of Fedhas.
  5637 | D:5      | Reached skill level 1 in Armour
  5750 | D:5      | Slain by a wight

Illustrated notes

Levels and vault maps discovered:
D:1:      co_arrival_square_in_a_square_in_a_square, layout_basic,
          serial_forest, infiniplex_forest_clump_small,
          infiniplex_forest_lined_3, infiniplex_forest_clump_curved,
          infiniplex_forest_lined_4_way, infiniplex_forest_clump_small
D:2:      layout_loops_cross, nicolae_ecumenical_snake_handling,
          grunt_ministairs_6, minmay_joined_circles
D:3:      layout_basic, dk_noncrumbling_2
D:4:      layout_gridville, amcnicky_altar_gilded,
          mainiacjoe_overflow_small_starburst, nicolae_shop_firing_range,
          uniq_blork_the_orc
D:5:      layout_cave_pools, lemuel_round_altar, marbit_many_paths,
          lemuel_zombie_altar_yredelemnul, mainiacjoe_overflow_six_doors_small,
          zin_academy, uniq_pikel

Skill      XL: |  1  2  3  4  5  6  7  8 |
---------------+-------------------------+-----
Fighting       | 3 4 5 |  5.2
Long Blades    | 4 5 |  5.9
Throwing       | 3 4 |  4.8
Dodging        | 5 6 7 |  7.1
Armour         | 1 |  1.0

Action                   |  1- 3 |  4- 6 |  7- 9 || total
-------------------------+-------+-------+-------++-------
Melee: Long sword        |   125 |   175 |   159 ||   459
       Punch             |     1 |     3 |     5 ||     9
  Use: Scroll            |       |       |    11 ||    11
 Stab: Sleeping          |     1 |     2 |       ||     3
Armor: Leather armour    |    33 |    60 |    37 ||   130
Dodge: Dodged            |    94 |   126 |   160 ||   380

Table legend: (Time is in decaauts)
 A = Elapsed time spent in this place.
 B = Non-inter-level travel time spent in this place.
 C = Inter-level travel time spent in this place.
 D = Time resting spent in this place.
 E = Time spent auto-exploring this place.
 F = Levels seen in this place.
 G = Mean time per level.
                   A        B        C        D        E       F      G
               +--------+--------+--------+--------+--------+-----+--------+
         Total |   5834 |   5737 |     97 |   1504 |   2897 |   5 | 1166.8 |
       Dungeon |   5834 |   5737 |     97 |   1504 |   2897 |   5 | 1166.8 |
               +--------+--------+--------+--------+--------+-----+--------+

Top non-repeatable levels by time:
     D:4: 1748 daAuts
     D:2: 1554 daAuts
     D:1: 1291 daAuts
     D:3: 978 daAuts
     D:5: 261 daAuts
